 Dungeon Crawl Stone Soup version 0.31.0-32-g396128a36d (webtiles) character file.

Game seed: 8329570992980330556

64 Jinxx the Chiller (level 3, -2/25 HPs)
             Began as a Demonspawn Ice Elementalist on Apr 6, 2024.
             Slain by a gnoll
             ... wielding a +0 spear
              (8 damage)
             ... on level 2 of the Dungeon.
             The game lasted 00:03:04 (1206 turns).

Jinxx the Chiller (Demonspawn Ice Elementalist)     Turns: 1206, Time: 00:03:05

Health: -2/25      AC:  2    Str:  8    XL:     3   Next: 91%
Magic:  4/6        EV: 12    Int: 17    God:
Gold:   33         SH:  0    Dex: 13    Spells: 3/7 levels left

rFire   . . .        e - +0 short sword (vamp)
rCold   . . .        (no shield)
rNeg    . . .        a - +0 robe
rPois   .            (no helmet)
rElec   .            (no cloak)
rCorr   .            (no gloves)
SInv    .            (no boots)
Will    .....        f - amulet of faith
Stlth   ++           (no ring)
HPRegen 0.24/turn    (no ring)
MPRegen 0.20/turn

%: faith
@: no status effects
A: magic regeneration
a: no special abilities


You were on level 2 of the Dungeon.
You visited 1 branch of the dungeon, and saw 2 of its levels.

You collected 33 gold pieces.

Inventory:

Hand Weapons
 c - a +0 dagger
 e - a +0 vampiric short sword (weapon)
Missiles
 h - 3 boomerangs
Armour
 a - a +0 robe (worn)
Jewellery
 f - an amulet of faith (around neck)
Scrolls
 d - a scroll of teleportation {unknown}
 g - a scroll of enchant armour {unknown}
Potions
 b - a potion of magic


   Skills:
 * Level 0.3 Fighting
 + Level 0.2 Short Blades
 * Level 0.6 Armour
 * Level 2.1 Dodging
 + Level 1.8 Stealth
 * Level 2.5 Spellcasting
 * Level 4.3 Ice Magic


You had 3 spell levels left.
You knew the following spells:

 Your Spells              Type           Power      Damage    Failure   Level
a - Freeze                Ice            64%        1d7       3%          1
b - Frozen Ramparts       Ice            32%        1d5       10%         3

Your spell library contained the following spells:

 Spells                   Type           Power      Damage    Failure   Level
 Ozocubu's Armour         Ice            16%        N/A       10%         3
 Summon Ice Beast         Ice/Summ       9%         N/A       22%         3


Dungeon Overview and Level Annotations

Branches:
Dungeon (2/15)

Altars:
Yredelemnul

Shops:
D:2 [


Innate Abilities, Weirdness & Mutations

You regenerate magic rapidly.


Message History

You hit the adder but do no damage.
The adder is heavily wounded.
The wall freezes the gnoll but does no damage.
The gnoll hits you with a +0 club.
A hobgoblin comes into view.
The wall freezes the adder.
The adder seems to slow down.
The adder barely misses you.
You miss the adder.
The adder is severely wounded.
The wall freezes the gnoll but does no damage.
The gnoll hits you with a +0 club.
The wall freezes the gnoll.
The wall freezes the frilled lizard.
The frilled lizard seems to slow down.
The wall freezes the adder.
The adder bites you.
You hit the adder.
You feel better.
The adder is almost dead.
The wall freezes the gnoll.
The gnoll closely misses you.
The wall freezes the gnoll.
The gnoll hits you from afar with a +0 spear!
The wall freezes the adder.
You kill the adder!
The wall freezes the frilled lizard.
You kill the frilled lizard!
Your Dodging skill increases to level 2!
You hit the gnoll.
You feel better.
The gnoll is heavily wounded.
The wall freezes the gnoll. x2; The gnoll closely misses you.
You hit the gnoll.
The gnoll is almost dead.
The wall freezes the gnoll.
You kill the gnoll!
The wall freezes the gnoll.
You kill the gnoll!
The wall freezes the gnoll.
The gnoll hits you from afar with a +0 spear.
* * * LOW HITPOINT WARNING * * *
The wall freezes the gnoll.
The gnoll closely misses you.
The wall freezes the hobgoblin.
The frozen ramparts melt away.
The gnoll hits you from afar with a +0 spear!
You die...

..#..## #.#....# #.......# ......
#.#....## #....##.# .....#####
#.......# ##'#.##.# .........#
#.......####.#.##.# .......#.#
#............#.##.#
.....l.g<#.#.#.......######.##.##
......#.....$#.......###.........
..#.................#..)....##.##
..#.#.###.####.#@##.#.##.#......+
. #.#...........)†.....#.##.##.#.
. #........###†#g##.#..# #......
#........###..g....### ####...
#........... ........ #..._
#.#......###.......#.. ......
...#......# ..... . ......
#####......# #...... ..###.
#####......# ##


You could see a gnoll and a hobgoblin.

Vanquished Creatures
  2 gnolls (D:2)
  An adder (D:2)
  A dart slug (D:1)
  An endoplasm (D:1)
  4 giant cockroaches
  2 goblins (D:1)
  A hobgoblin (D:2)
  3 jackals (D:1)
  A quokka (D:1)
  3 ball pythons (D:1)
  7 bats
  2 frilled lizards
  4 kobolds
  3 rats
35 creatures vanquished.

Notes
Turn   | Place    | Note
-------+----------+-------------------------------------------
     0 | D:1      | Jinxx the Demonspawn Ice Elementalist began the quest for
                  | the Orb.
     0 | D:1      | Reached XP level 1. HP: 13/13 MP: 3/3
   152 | D:1      | Reached skill level 4 in Ice Magic
   152 | D:1      | Gained mutation: You regenerate magic rapidly. [demonic
                  | ancestry]
   152 | D:1      | Reached XP level 2. HP: 3/19 MP: 0/5
   398 | D:1      | You fall into a shaft and drop 1 floor!
   413 | D:2      | Found Iliu's Armour Shoppe.
  1008 | D:2      | Found a basalt altar of Yredelemnul.
  1014 | D:2      | Reached XP level 3. HP: 20/24 MP: 6/6
  1040 | D:2      | Learned a level 3 spell: Frozen Ramparts
  1206 | D:2      | Slain by a gnoll

Illustrated notes

Levels and vault maps discovered:
D:1:      dpeg_arrival_houses_and_road, layout_basic, hex_tiny
D:2:      layout_basic, basic_altar, serial_shops, shop

Skill      XL: |  1  2  3 |
---------------+----------+-----
Ice Magic      | 4 |  4.3
Dodging        | 2 |  2.1
Fighting       | |  0.3
Short Blades   | |  0.2
Armour         | |  0.6
Stealth        | |  1.8
Spellcasting   | |  2.5

Action                     || total
---------------------------++-------
  Melee: Dagger            ||    11
         Short sword       ||    95
   Cast: Freeze            ||    17
         Frozen Ramparts   ||     1
 Armour: Robe              ||    78
  Dodge: Dodged            ||    97
